 Dungeon Crawl Stone Soup version 0.31-a0-574-g69dc8cc98e (webtiles) character file.

Game seed: 8732986611096180275

3919 Turgor the Mimic (level 10, 0/79 HPs)
             Began as a Merfolk Shapeshifter on Aug 17, 2023.
             Was a Believer of Ru.
             Engulfed by a cloud of flame (28 damage)
             ... on level 8 of the Dungeon on Aug 18, 2023.
             The game lasted 00:30:33 (6396 turns).

Turgor the Mimic (Merfolk Shapeshifter)             Turns: 6396, Time: 00:30:34

Health: 0/79       AC: 13    Str: 16    XL:     10   Next: 20%
Magic:  10/10      EV:  9    Int: 11    God:    Ru [**....]
Gold:   532        SH:  0    Dex: 15    Spells: 9/9 levels left

rFire   x .          .
                       - Unarmed
rCold   x . .        (shield currently unavailable)
rNeg    + + .        q - +3 chain mail
rPois   .            (no helmet)
rElec   .            n - +0 cloak
rCorr   .            (no gloves)
SInv    .            (no boots)
Will    .....        B - amulet of faith Stlth
                     e - ring of positive energy
HPRegen 0.33/turn    C - ring of positive energy
MPRegen 0.12/turn

%: faith
@: flux-form, glowing
A: glow, contaminating, temperature sensitive, (nimble swimmer 2), mertail
a: Begin Untransformation, Renounce Religion


You were on level 8 of the Dungeon.
You worshipped Ru.
Ru was pleased with you.
You were something dangerously unstable.
You visited 2 branches of the dungeon, and saw 9 of its levels.

You collected 532 gold pieces.

Inventory:

Hand Weapons
 o - a +4 club of flaming
Missiles
 m - 46 poisoned darts (quivered)
Armour
 n - a +0 cloak (worn)
 q - a +3 chain mail (worn)
Jewellery
 e - a ring of positive energy (left hand)
 s - an amulet of reflection
 B - an amulet of faith (around neck)
 C - a ring of positive energy (right hand)
Talismans
 c - a beast talisman
 d - a flux talisman (active)
Wands
 u - a wand of charming (9)
 y - a wand of polymorph (7)
Scrolls
 a - a scroll of blinking
 f - 2 scrolls of immolation
 g - 3 scrolls of identify
 h - a scroll of amnesia {unknown}
 i - 2 scrolls of fear
 j - 2 scrolls of enchant armour {unknown}
 k - a scroll of noise {unknown}
 l - a scroll of vulnerability
 p - a scroll of fog {unknown}
 t - a scroll of revelation {unknown}
 x - a scroll of torment {unknown}
 z - a scroll of brand weapon
Potions
 b - a potion of curing
 r - a potion of haste
 v - a potion of might
 w - a potion of enlightenment
 A - a potion of ambrosia


   Skills:
 + Level 7.2 Fighting
 + Level 4.1 Armour
 - Level 5.0 Dodging
 + Level 7.9 Unarmed Combat
 * Level 10.6 Shapeshifting


You had 9 spell levels left.
You didn't know any spells.
Your spell library contained the following spells:

 Spells                   Type           Power      Damage    Failure   Level
 Kiss of Death            Conj/Necr      0%         2d5       99%         1
 Ensorcelled Hibernation  Hex/Ice        0%         N/A       99%         2
 Passwall                 Tmut/Erth      0%         N/A       99%         2
 Confusing Touch          Hex            0%         N/A       100%        3
 Hailstorm                Conj/Ice       0%         3d3       100%        3
 Inner Flame              Hex/Fire       0%         N/A       100%        3
 Swiftness                Air            0%         N/A       100%        3
 Dispel Undead            Necr           0%         3d6       100%        4
 Flame Wave               Conj/Fire      0%         2d4       100%        4
 Sticky Flame             Conj/Fire      0%         2d3       100%        4
 Summon Ice Beast         Ice/Summ       0%         N/A       100%        4
 Simulacrum               Ice/Necr       0%         N/A       100%        6


Dungeon Overview and Level Annotations

Branches:
Dungeon (8/15)             Temple (1/1) D:6
   Lair: D:8-11

Altars:
Ashenzari
Cheibriados
Dithmenos
Elyvilon
Fedhas
Kikubaaqudgha
Nemelex Xobeh
Okawaru
Qazlal
Ru
Sif Muna
Trog
Uskayaw
Vehumet
Xom
Yredelemnul
Zin
The Shining One

Shops:
D:2 (   D:4 :   D:6 *


Innate Abilities, Weirdness & Mutations

You are something dangerously unstable.
You glow with magical radiation, making you easy to see and hit.
Foes you strike become dangerously contaminated with magical radiation.
You are incapable of wielding weapons or throwing items.
You are sensitive to extremes of temperature. (rF-, rC-)
((You are very nimble when in or above water. (Stealth+, EV+, Speed+++)))
Your lower body shifts to a powerful aquatic tail in water.


Message History

You hear the hiss of flowing sand.
There is an entrance to an ossuary on this level.
Hurry and find it before the portal is buried!
You hear the roar of battle.
There is an entrance to a bailey on this level.
Hurry and find it before the portal closes forever!
The kobold shouts! x2; The orc shouts!
You hear a shout!
A kobold brigand comes into view.
It is wielding a +0 whip and quivering curare-tipped darts.
There is a stone staircase leading up here.
As you read the scroll labelled RIOCACAGIL, it crumbles to dust.
The creatures around you are filled with an inner flame!
It was a scroll of immolation.
The kobold hits you but does no damage.
Okay, then.
Unknown command.
Okay, then.
Okay, then.
Unknown command.
Unknown command.
Okay, then.
Unknown command.
Okay, then.
Unknown command.
As you read the scroll labelled UBOBRO SYMU, it crumbles to dust.
It is a scroll of brand weapon.
Your +4 club is engulfed in flames!
o - a +4 club of flaming The kobold hits you but does no damage.
You hit the kobold.
The kobold explodes!
The fiery explosion engulfs you!!! The fire burns you terribly!
The fiery explosion engulfs the kobold!!
The kobold explodes!
You feel a bit more experienced.
The fiery explosion engulfs the orc!
The fiery explosion engulfs the kobold brigand!!
The kobold brigand explodes!
The fiery explosion engulfs the orc!!
The orc explodes!
You feel a bit more experienced.
The orc explodes!
You hear an explosion!
You are engulfed in blazing flames.
You die...

### ...# #...#
##..# #B§.#
#.§§§§§.#
####§§#o# ..
§§.... .#
§§#.#.### ###.#
§........$.....
###.#.#.#.#.#.##
+...........#
#.#.#.#.#g##


You could see an orc wizard (inner flame).

Vanquished Creatures
  Pikel (D:6)
  A harpy (D:6)
  Grinder (D:6)
  Eustachio (D:6)
  2 water moccasins
  Duvessa (D:6)
  A sky beast (D:7)
  An ice beast (D:6)
  3 black bears
  2 centaurs
  A lemure (D:6)
  4 phantoms
  5 kobold brigands
  A bullfrog (D:5)
  A gnoll sergeant (D:5)
  A scorpion (D:4)
  Dowan (D:6)
  4 howler monkeys
  An orc priest (D:7)
  4 jellies
  7 hounds
  Jessica (D:3)
  5 iguanas
  A sleepcap (D:6)
  2 orc wizards
  6 gnolls
  10 adders
  2 white imps (D:7)
  3 worms
  2 dart slugs
  19 orcs
  9 ball pythons
  3 endoplasms
  3 giant cockroaches
  6 goblins
  4 hobgoblins
  21 kobolds
  7 quokkas
  6 bats
  3 frilled lizards
  6 rats
163 creatures vanquished.

Notes
Turn   | Place    | Note
-------+----------+-------------------------------------------
     0 | D:1      | Turgor the Merfolk Shapeshifter began the quest for the
                  | Orb.
     0 | D:1      | Reached XP level 1. HP: 15/15 MP: 1/1
    34 | D:1      | Found a faded altar of an unknown god.
   204 | D:1      | Reached XP level 2. HP: 21/21 MP: 2/2
   472 | D:2      | Reached XP level 3. HP: 24/27 MP: 3/3
   772 | D:2      | Reached XP level 4. HP: 21/33 MP: 4/4
   873 | D:2      | Found Ocaitah's Weapon Shoppe.
  1737 | D:3      | Noticed Jessica
  1742 | D:3      | Killed Jessica
  2022 | D:3      | Reached XP level 5. HP: 16/39 MP: 5/5
  2492 | D:4      | Noticed a phantom
  2507 | D:4      | Killed a phantom
  2508 | D:4      | Reached skill level 5 in Shapeshifting
  2535 | D:4      | Noticed a black bear
  2563 | D:4      | Killed a black bear
  2564 | D:4      | Reached XP level 6. HP: 47/47 MP: 6/6
  2613 | D:4      | Found Siser's Self-Published Books.
  3086 | D:4      | Reached skill level 5 in Dodging
  3086 | D:4      | Reached XP level 7. HP: 48/53 MP: 7/7
  3114 | D:4      | Reached skill level 6 in Shapeshifting
  3234 | D:5      | Entered Level 5 of the Dungeon
  3241 | D:5      | Reached skill level 5 in Unarmed Combat
  3521 | D:2      | Upgraded the game from 0.31-a0-564-g3b7de120b3 to
                  | 0.31-a0-574-g69dc8cc98e
  3664 | D:4      | Reached skill level 1 in Armour
  3868 | D:5      | Reached XP level 8. HP: 58/61 MP: 8/8
  3896 | D:5      | Reached skill level 7 in Shapeshifting
  4246 | D:5      | Reached skill level 5 in Fighting
  4418 | D:6      | Reached skill level 8 in Shapeshifting
  4495 | D:6      | Noticed Grinder
  4498 | D:6      | Paralysed by Grinder for 5 turns
  4512 | D:6      | Killed Grinder
  4513 | D:6      | Reached XP level 9. HP: 67/68 MP: 9/9
  4607 | D:6      | Found a staircase to the Ecumenical Temple.
  4616 | Temple   | Entered the Ecumenical Temple
  4653 | Temple   | Became a worshipper of Ru the Awakened
  4689 | D:6      | Noticed Duvessa
  4689 | D:6      | Noticed Eustachio
  4696 | D:6      | Noticed Dowan
  4710 | D:6      | Killed Duvessa
  4718 | D:6      | Killed Dowan
  4810 | D:6      | Killed Eustachio
  4811 | D:6      | Reached skill level 9 in Shapeshifting
  4883 | D:6      | Found Nirhem's Mail-Order Catalogue.
  4954 | D:6      | Noticed Pikel
  4967 | D:6      | Killed Pikel
  4969 | D:6      | Noticed Edmund
  4970 | D:6      | Edmund changed into Edmund the howler monkey
  4970 | D:6      | Noticed Edmund
  4978 | D:6      | Killed Edmund the howler monkey
  5246 | D:6      | Noticed Jeremiah
  5407 | D:6      | Jeremiah changed into Jeremiah the harpy
  5407 | D:6      | Noticed Jeremiah
  5420 | D:6      | Killed Jeremiah the harpy
  5421 | D:6      | Reached skill level 10 in Shapeshifting
  5421 | D:6      | Reached XP level 10. HP: 51/77 MP: 10/10
  6258 | D:7      | Gained mutation: You are sensitive to extremes of
                  | temperature. (rF-, rC-) [Ru sacrifice]
  6258 | D:7      | Reached * piety under Ru
  6258 | D:7      | Reached ** piety under Ru
  6396 | D:8      | Engulfed by a cloud of flame

Illustrated notes

Levels and vault maps discovered:
D:1:      matt_arrival_grand_opening, layout_basic,
          ebering_ecumenical_altar_webs, minmay_misc_feat_roman
D:2:      layout_basic, serial_shops, nicolae_shop_bloodbath_and_beyond
D:3:      layout_basic, hex_tiny, st_stairs_9, uniq_jessica
D:4:      layout_basic, nicolae_custom_books, minmay_bisected
D:5:      layout_cave_pools, serial_park, serial_park_fountain,
          serial_park_square2, serial_park_square3
          [serial_park_minivault_5x5_3], serial_park_tiny_pond
D:6:      layout_basic, minmay_temple_entry_mist, monkooky_shop_mail_order,
          uniq_eustachio, uniq_duvessa, uniq_grinder, uniq_edmund, uniq_pikel,
          uniq_jeremiah
D:7:      layout_rooms, st_stairs_12
D:8:      lemuel_castle_with_subvaults [lemuel_castle_interior_carwin_1],
          layout_basic, enter_bailey_3, serial_shops, nicolae_shop_waterfront,
          nicolae_ossuary_entry_ruins, kennysheep_flooded_box, st_stairs_11,
          uniq_prince_ribbit1, uniq_grum, uniq_psyche, uniq_gastronok
Temple:   dpeg_five_rooms_temple

Skill      XL: |  1  2  3  4  5  6  7  8  9 10 |
---------------+-------------------------------+-----
Dodging        | 3 4 5 |  5.0
Fighting       | 2 3 4 5 6 7 |  7.2
Unarmed Combat | 4 5 6 7 |  7.9
Shapeshifting  | 5 6 8 10 | 10.6
Armour         | 1 2 3 4 |  4.1

Action                     |  1- 3 |  4- 6 |  7- 9 | 10-12 || total
---------------------------+-------+-------+-------+-------++-------
  Melee: Unarmed           |    53 |   143 |   262 |    95 ||   553
         Punch             |       |     6 |       |       ||     6
 Invoke: Sacrifice Resista |       |       |       |     1 ||     1
  Evoke: Wand              |       |     3 |    11 |       ||    14
    Use: Scroll            |       |     5 |     4 |     2 ||    11
         Potion            |       |     3 |       |       ||     3
   Stab: Sleeping          |     1 |     2 |       |       ||     3
 Armour: Animal skin       |     4 |    17 |       |       ||    21
         Skin              |       |     4 |       |       ||     4
         Chain mail        |       |     7 |   114 |    44 ||   165
  Dodge: Dodged            |    34 |    76 |   120 |    47 ||   277
  Block: Other             |       |       |    49 |       ||    49
         Reflection        |       |       |     3 |       ||     3
   Form: Flux              |       |       |     1 |       ||     1

Table legend: (Time is in decaauts)
 A = Elapsed time spent in this place.
 B = Non-inter-level travel time spent in this place.
 C = Inter-level travel time spent in this place.
 D = Time resting spent in this place.
 E = Time spent auto-exploring this place.
 F = Levels seen in this place.
 G = Mean time per level.
                   A        B        C        D        E       F      G
               +--------+--------+--------+--------+--------+-----+--------+
         Total |   6332 |   5731 |    601 |    274 |   4126 |   9 |  703.6 |
       Dungeon |   6259 |   5728 |    531 |    274 |   4126 |   8 |  782.4 |
        Temple |     72 |      2 |     70 |      0 |      0 |   1 |   72.0 |
               +--------+--------+--------+--------+--------+-----+--------+

Top non-repeatable levels by time:
     D:6: 1162 daAuts
     D:2: 1110 daAuts
     D:4: 1063 daAuts
     D:3: 1001 daAuts
     D:5: 738 daAuts
     D:7: 713 daAuts
     D:1: 461 daAuts
  Temple: 72 daAuts
     D:8: 8 daAuts
